 Dungeon Crawl Stone Soup version 0.28-b1-25-g9875b3fc8c (webtiles) character file.

Game seed: 12866452204820399981

177 vvl the Stinger (level 5, 0/37 HPs)
             Began as a Demonspawn Venom Mage on Feb 3, 2022.
             Killed from afar by an orc (10 damage)
             ... with an iceblast
             ... on level 3 of the Dungeon.
             The game lasted 00:04:07 (2312 turns).

vvl the Stinger (Demonspawn Venom Mage)             Turns: 2312, Time: 00:04:07

Health: 0/37       AC:  2    Str:  9    XL:     5   Next: 30%
Magic:  6/8        EV: 12    Int: 18    God:
Gold:   110        SH:  0    Dex: 13    Spells: 8/9 levels left

rFire   . . .      SeeInvis .   f - +0 short sword (venom)
rCold   . . .      Faith    .   (no shield)
rNeg    . . .      Spirit   .   a - +0 robe
rPois   .          Reflect  .   (no helmet)
rElec   .          Harm     .   (no cloak)
rCorr   .          Rampage  .   (no gloves)
Will    .....                   (no boots)
Stlth   ++........              (no amulet)
HPRegen 0.12/turn               (no ring)
MPRegen 0.11/turn               (no ring)

@: no status effects
A: spiny 1, demonic touch 1
a: no special abilities


You were on level 3 of the Dungeon.
You visited 1 branch of the dungeon, and saw 3 of its levels.

You collected 110 gold pieces.

Inventory:

Hand Weapons
 f - a +0 short sword of venom (weapon)
Armour
 a - a +0 robe (worn)
Scrolls
 b - a scroll of amnesia {unknown}
 c - 2 scrolls of magic mapping {unknown}
 e - a scroll of torment {unknown}
Potions
 d - 3 potions of flight {unknown}
 g - a potion of mutation {unknown}


   Skills:
 + Level 1.5 Fighting
 + Level 1.4 Armour
 + Level 2.5 Dodging
 - Level 2.0 Stealth
 + Level 2.5 Spellcasting
 + Level 0.2 Necromancy
 + Level 1.7 Transmutations
 * Level 4.1 Poison Magic


You had 8 spell levels left.
You knew the following spells:

 Your Spells              Type           Power      Damage    Failure   Level
a - Sting                 Tmut/Pois      48%        1d5       5%          1

Your spell library contained the following spells:

 Spells                   Type           Power      Damage    Failure   Level
 Poisonous Vapours        Pois/Air       18%        N/A       11%         2
 Mephitic Cloud           Conj/Pois/Air  7%         N/A       28%         3
 Olgreb's Toxic Radiance  Pois           17%        N/A       30%         4


Dungeon Overview and Level Annotations

Branches:
Dungeon (3/15)

Altars:


Innate Abilities, Weirdness & Mutations

You are partially covered in sharp spines.
Your touch may inflict minor irresistible damage on your foes.


Message History

The sting hits the adder.
The adder looks even sicker.
The adder is moderately wounded.
The adder misses you. The adder barely misses you.
The sting misses the adder.
The adder is struck by your spines. The adder bites you.
You are poisoned.
The adder poisons you!
The sting misses the adder.
You feel sick. The adder barely misses you.
You hit the adder but do no damage.
The adder looks as sick as possible!
Your touch misses the adder.
The adder is almost dead.
You feel sick.
You kill the adder!
You feel sick.
You are no longer poisoned.
You see here an adder corpse.
An orc comes into view.
It is wielding a +0 whip and carrying a wand of iceblast (8).
An orc is nearby!
An orc is nearby!
An orc is nearby!
An orc is nearby!
A giant cockroach and an orc come into view.
Found a scroll labelled UTARPHENIE.
The orc moves out of view.
An orc wizard comes into view. It is wielding a +0 dagger.
A worm comes into view.
Found a stone staircase leading up.
An orc comes into view. It is wielding a +0 club.
The sting hits the giant cockroach.
The giant cockroach is poisoned.
The giant cockroach is heavily wounded.
The orc shouts! x2; The orc wizard shouts!
You hear a shout!
The giant cockroach is struck by your spines.
You kill the giant cockroach!
The sting hits the worm.
The worm is poisoned.
The worm is lightly wounded.
The orc zaps a wand.
The mass of ice explodes!
The iceblast engulfs you!
You hear a shout!
The orc zaps a wand.
The mass of ice explodes!
The iceblast engulfs you!
* * * LOW HITPOINT WARNING * * *
The orc zaps a wand.
The mass of ice explodes!
The iceblast engulfs you!
You die...

### ####### ###.# #.....#
### #...# #.....#####
..##########.#.# +..........
.............#.###........?
....................oo.###.#
..########.#.#...†..w..o...#
### #.#.#.###..#†.###.#
#.#.#..@...#w.#
#>#.#.###..#..# #.#.#..
...#... #.#.########....
#.#.# ....# #...#


You could see a worm (poisoned) and 2 orcs.

Vanquished Creatures
  A scorpion (D:3)
  6 adders
  An ufetubus (D:2)
  2 dart slugs
  3 bats (D:1)
  6 endoplasms
  2 giant cockroaches
  2 goblins (D:1)
  5 hobgoblins
  2 jackals (D:1)
  6 quokkas
  6 ball pythons
  6 kobolds
  4 rats (D:1)
52 creatures vanquished.

Notes
Turn   | Place    | Note
-------+----------+-------------------------------------------
     0 | D:1      | vvl the Demonspawn Venom Mage began the quest for the Orb.
     0 | D:1      | Reached XP level 1. HP: 13/13 MP: 3/3
   157 | D:1      | Reached skill level 1 in Transmutations
   208 | D:1      | Gained mutation: You are partially covered in sharp spines.
                  | [demonic ancestry]
   208 | D:1      | Reached XP level 2. HP: 20/20 MP: 3/5
   851 | D:1      | Reached XP level 3. HP: 21/25 MP: 3/6
  1239 | D:2      | Found a faded altar of an unknown god.
  1416 | D:2      | Reached skill level 1 in Armour
  1597 | D:2      | Reached skill level 1 in Fighting
  1597 | D:2      | Reached XP level 4. HP: 32/32 MP: 4/7
  1962 | D:3      | Noticed a scorpion
  1972 | D:3      | Killed a scorpion
  1973 | D:3      | Gained mutation: Your touch may inflict minor irresistible
                  | damage on your foes. [demonic ancestry]
  1973 | D:3      | Reached XP level 5. HP: 27/37 MP: 2/8
  2096 | D:3      | Reached skill level 4 in Poison Magic
  2312 | D:3      | Killed from afar by an orc

Illustrated notes

Levels and vault maps discovered:
D:1:      minmay_arrival_hallway, layout_loops_ring, minmay_statues_item
D:2:      layout_rooms, basic_ecumenical_altar, minmay_misc_feat_pillars
D:3:      layout_basic

Skill      XL: |  1  2  3  4  5 |
---------------+----------------+-----
Transmutations | 1 |  1.7
Dodging        | 2 |  2.5
Stealth        | 2 |  2.0
Armour         | 1 |  1.4
Fighting       | 1 |  1.5
Poison Magic   | 4 |  4.1
Spellcasting   | |  2.5
Necromancy     | |  0.2

Action                   |  1- 3 |  4- 6 || total
-------------------------+-------+-------++-------
Melee: Dagger            |    24 |       ||    24
       Short sword       |    13 |    13 ||    26
       Punch             |     1 |       ||     1
       Touch             |       |     1 ||     1
 Cast: Sting             |    50 |    25 ||    75
Armor: Robe              |     4 |     2 ||     6
Dodge: Dodged            |    32 |    14 ||    46
